Map: Moonlight Madness LE (Void)

Players

PinheadLarry (Astrea) - Winner!

  • Race: Protoss Protoss
  • League: Diamond

desRow

  • Race: Protoss Protoss
  • League: Diamond

Event: ASL Season 5 Prime League LOTV Beta

VOD

Have the link to the VOD?

Description

Time

  • Played on: Sept. 5, 2015, 10:06 p.m.
  • Length: 5:02

All games in this series

Show
View Real Time Build Order
Export as new Build Order

PinheadLarry Protoss - Winner!

Build Orders: Phoenix Opening, Dark Templar Rush 

Get SALT Encoding   

  12  0:00  Probe (Chrono Boost)  
  13  0:10  Probe (Chrono Boost)  
  14  0:17  Pylon  
  14  0:20  Probe (Chrono Boost)  
  15  0:28  Assimilator  
  15  0:35  Probe (Chrono Boost)  
  16  0:45  Probe (Chrono Boost)  
  16  0:47  Gateway  
  17  0:51  Assimilator  
  17  0:55  Probe (Chrono Boost)  
  18  1:05  Probe (Chrono Boost)  
  19  1:15  Probe (Chrono Boost)  
  20  1:19  Pylon  
  20  1:25  Probe (Chrono Boost)  
  21  1:34  Cybernetics Core  
  21  1:35  Probe (Chrono Boost)  
  22  1:45  Probe (Chrono Boost)  
  23  1:55  Probe (Chrono Boost)  
  24  2:02  Pylon  
  24  2:11  Mothership Core (Chrono Boost), Stargate, Warp Gate (Chrono Boost)  
  26  2:21  Twilight Council  
  26  2:29  Probe (Chrono Boost)  
  29  2:51  Gateway x2  
  29  2:55  Phoenix  
  31  3:03  Pylon  
  31  3:05  Dark Shrine  
  28  3:16  Probe (Chrono Boost)  
  25  3:27  Probe (Chrono Boost)  
  25  3:42  Probe (Chrono Boost)  
  25  3:44  Pylon  
  26  3:52  Probe (Chrono Boost)  
  27  4:03  Probe  
  28  4:15  Probe  
  29  4:18  Dark Templar x2  
  33  4:28  Probe  
  34  4:44  Dark Templar  
Show
View Real Time Build Order
Export as new Build Order

desRow Protoss 

Build Orders:  

Get SALT Encoding   

  12  0:00  Probe (Chrono Boost)  
  13  0:11  Probe (Chrono Boost)  
  14  0:18  Pylon  
  14  0:23  Probe (Chrono Boost)  
  15  0:36  Probe (Chrono Boost)  
  15  0:40  Gateway  
  16  0:42  Assimilator  
  16  0:46  Probe (Chrono Boost)  
  17  0:54  Assimilator  
  17  0:56  Probe (Chrono Boost)  
  18  1:02  Pylon  
  18  1:06  Probe (Chrono Boost)  
  19  1:16  Probe (Chrono Boost)  
  20  1:26  Probe (Chrono Boost)  
  20  1:28  Gateway  
  21  1:36  Probe (Chrono Boost)  
  21  1:39  Cybernetics Core  
  22  1:46  Probe (Chrono Boost)  
  23  1:56  Probe (Chrono Boost)  
  24  2:06  Probe (Chrono Boost)  
  25  2:12  Warp Gate (Chrono Boost)  
  25  2:16  Adept x2 (Chrono Boost)  
  25  2:18  Mothership Core (Chrono Boost)  
  25  2:22  Pylon  
  31  2:42  Stalker (Chrono Boost)  
  35  2:45  Gateway  
  35  2:46  Stalker (Chrono Boost)  
  35  2:59  Pylon  
  35  3:09  Stalker  
  37  3:13  Stalker  
  39  3:31  Gateway  
  35  4:07  Stalker x3  
  41  4:27  Adept  
  43  4:33  Adept x2  
  47  4:40  Pylon  
Tags
 
Add a new tag
Caveats
  • Supply blocks, unpowered buildings, or Contaminate may cause inaccurate times.
  • Supply counts are checked every 10 seconds.